Cogmind - Beta 17 @@@ ROGUE MODE // 2026.08.19 @ 05:38:53 Player: MrFartsburg Result: Destroyed by G-34 Mercenary with Small Laser Performance ------------- Evolutions (1) 500 Regions Visited (2) 400 Robots Destroyed (28) 140 Value Destroyed (793) 793 Prototype IDs (1) 20 Alien Tech Used (0) 0 Bonus (0) 0 TOTAL SCORE: 1853 Bonus ------- None Cogmind --------- Core Integrity 0/400 Matter 290/300 Energy 80/100 System Corruption 1% Temperature Cool (12) Movement Treading (160) Location -9/Materials Parts ------- > --- POWER (2) -------- (None) > --- PROPULSION (2) --- Light Treads > --- UTILITY (3) ------ Medium Storage Unit Signal Interpreter > --- WEAPON (2) ------- (None) > --- INVENTORY (10) --- Improved Heat Sink Shield Generator System Shield Peak State ------------ > --- POWER ------------ Improved Ion Engine Light Nuclear Core > --- PROPULSION ------- Light Treads Improved Treads > --- UTILITY ---------- Medium Storage Unit Signal Interpreter Improved Terrain Scan Processor > --- WEAPON ----------- Heavy Assault Cannon > --- INVENTORY -------- Light Treads Improved Heat Sink Shield Generator System Shield Medium Laser Assault Rifle [Rating: 20] Favorites ----------- Power Ion Engine Engine Ion Engine Power Core Light Nuclear Core Propulsion Light Treads Treads Light Treads Utility Signal Interpreter Device Disposable Heat Sink Storage Medium Storage Unit Processor Signal Interpreter Protection Light Armor Plating Weapon Heavy Assault Cannon Energy Gun EM Pulse Gun Ballistic Gun Improved Assault Rifle Ballistic Cannon Heavy Assault Cannon Launcher Grenade Launcher Build | -11 -10 -9 ------- Run | Yrd Mat Mat Slots Evolved 2 | . . 2 Power 1 | . . 1 Propulsion . | . . . Utility 1 | . . 1 Weapon . | . . . Parts Attached 23 | 5 3 15 Power 5 | 1 . 4 Engine 4 | 1 . 3 Core 1 | . . 1 Reactor . | . . . Propulsion 5 | 2 . 3 Treads 5 | 2 . 3 Leg . | . . . Wheel . | . . . Hover . | . . . Flight . | . . . Utility 6 | . 2 4 Device 2 | . 1 1 Storage 1 | . . 1 Processor 2 | . 1 1 Hackware . | . . . Protection 1 | . . 1 Artifact . | . . . Weapon 7 | 2 1 4 Energy Gun 3 | 2 1 . Energy Cannon . | . . . Ballistic Gun 2 | . . 2 Ballistic Cannon 1 | . . 1 Launcher 1 | . . 1 Special Weapon . | . . . Impact Weapon . | . . . Slashing Weapon . | . . . Piercing Weapon . | . . . Special Melee Weapon . | . . . Unidentified Prototypes 1 | . . 1 Parts Lost 16 | . . 16 Power 5 | . . 5 Propulsion 4 | . . 4 Utility 2 | . . 2 Weapon 5 | . . 5 Highest Loss Streak 8 | . . 8 To Critical Strikes . | . . . Average Backups 4 | . 3 4 Power . | . 1 . Propulsion . | . . . Utility 1 | . . 2 Weapon 2 | . 2 2 Tool/Special . | . . . Unused Backups 4 | . . 4 Power . | . . . Propulsion 1 | . . 1 Utility 3 | . . 3 Weapon . | . . . Tool/Special . | . . . Average Slot Usage (%) 84 | . 90 82 Engine 13 | . 14 13 Core 4 | . . 6 Treads 20 | . 28 17 Device 4 | . 8 3 Storage 3 | . . 5 Processor 18 | . 10 21 Protection 1 | . . 2 Energy Gun 10 | . 28 3 Ballistic Gun 2 | . . 2 Ballistic Cannon 5 | . . 7 Peak Build Rating 20 | 5 7 20 Average Rating 12 | 4 6 16 On Entrance 4 | . 5 7 Avg Prop Armor Cover (%) . | . . . Naked Turns . | . . . Heaviest Build 34 | 8 10 34 Greatest Support 43 | 40 40 43 Greatest Overweight (x) 4 | . . 4 Average Overweight (x) . | . . . Largest Inventory Capacity 10 | 5 5 10 Average Capacity 6 | 5 5 7 Most Carried 6 | 2 5 6 Average Carried 4 | . 3 4 Final Capacity 10 | 5 5 10 Final Carried 5 | 2 5 3 Class Distribution -------------------- 88% | Mutant 11% | Scavenger-Mutant Dominant Class ---------------- Mutant | -10/Materials Mutant | -9/Materials Resources | -11 -10 -9 ----------- Run | Yrd Mat Mat Matter Collected 807 | 131 89 587 Remotely . | . . . Salvage Created 837 | . 175 662 Parts 52 | . 15 37 Haulers Intercepted 1 | . . 1 Recyclers Shooed 1 | . 1 . Parts Field Recycled . | . . . Retrieved Matter . | . . . Parts Self-Destructed . | . . . Prevented . | . . . Parts Restored . | . . . Kills | -11 -10 -9 ------- Run | Yrd Mat Mat Combat Hostiles Destroyed 20 | . 4 16 Melee 1 | . 1 . Guns 5 | . 3 2 Cannons 13 | . . 13 AOE 1 | . . 1 Classes Destroyed 10 | . 3 7 Worker 1 | . 1 . Builder 2 | . . 2 Tunneler 1 | . . 1 Hauler 1 | . . 1 Recycler 1 | . . 1 Watcher 2 | . 1 1 Swarmer 1 | . . 1 Grunt 14 | . 4 10 Brawler 1 | . . 1 Sentry 4 | . . 4 Best Kill Streak 6 | . 3 6 Combat Bots Only 3 | . 2 3 Max Kills in Single Turn 1 | . 1 1 Gunslinging . | . . . Exploded 1 | . . 1 Melee 1 | . 1 . Uniques/NPCs Destroyed . | . . . Combat | -11 -10 -9 -------- Run | Yrd Mat Mat Hostile Shots Fired 242 | . 12 230 Missed 60 | . 3 57 Hits 182 | . 9 173 Melee 2 | . . 2 Projectile 180 | . 9 171 Critical Strikes 3 | . . 3 Damage Taken 2158 | . 100 2058 Core 427 | . 24 403 Absorbed by Shields . | . . . Core Remaining (%) 95 | 100 90 . Volleys Fired 70 | . 9 61 Largest 2 | . 2 2 Hottest 90 | . 90 73 Shots Fired 91 | . 18 73 Gun 42 | . 18 24 Cannon 47 | . . 47 Launcher 2 | . . 2 Special . | . . . Kinetic 61 | . . 61 Thermal 19 | . 9 10 Explosive 2 | . . 2 Electromagnetic 9 | . 9 . Robot Hit Streak 13 | . 7 13 Robot Miss Streak 4 | . 2 4 Penetration Max 1 | . . 1 Secondary Targets 1 | . . 1 Max Gunslinging Chain 1 | . . 1 Shots Hit Robots 57 | . 11 46 Core Hits 31 | . 9 22 Critical Kills . | . . . Critical Parts Destroyed . | . . . Critical Strikes 6 | . . 6 Burn 1 | . . 1 Blast 5 | . . 5 Melee Attacks . | . . . Impact . | . . . Slashing . | . . . Piercing . | . . . Sneak Attacks . | . . . Combat Hostiles . | . . . Follow-up Attacks . | . . . Damage Inflicted 2149 | . 145 2004 Guns 394 | . 142 252 Cannons 1659 | . . 1659 Explosions 78 | . . 78 Melee . | . . . Ramming 18 | . 3 15 Kinetic 1827 | . . 1827 Thermal 160 | . 76 84 Explosive 78 | . . 78 Electromagnetic 66 | . 66 . Impact . | . . . Slashing . | . . . Piercing . | . . . Highest Corruption 1 | . . 1 Average Corruption 1 | . . 1 Corruption Purged . | . . . Corruption Blocked . | . . . Overload Shots . | . . . Overflow Damage 163 | . . 163 Projectiles 163 | . . 163 Explosions . | . . . Melee . | . . . Knockbacks 6 | . . 6 Impact . | . . . Kinetic 3 | . . 3 Secondary 3 | . . 3 Self-Inflicted Damage 39 | . . 39 Shots 1 | . . 1 Rammed 4 | . 1 3 Targets Rammed 6 | . 2 4 Kicked . | . . . Crushed 2 | . 1 1 Highest Temperature 355 | . 180 355 Average Temperature 102 | . 82 106 Received Heat Transfer 819 | . 54 765 Effects 1 | . . 1 Shutdowns 1 | . . 1 Siege Activations . | . . . Martial Activations . | . . . Shielding Activations . | . . . Robots Disrupted . | . . . Combat Hostiles . | . . . Robots Corrupted 1 | . . 1 Combat Hostiles . | . . . Parts Fried 1 | . . 1 Impact Corruptions 1 | . . 1 Robots Melted . | . . . Combat Hostiles . | . . . Parts Melted . | . . . Heat Transferred 555 | . 222 333 Parts Sabotaged . | . . . Parts Stolen . | . . . Parts Stripped . | . . . Power Chain Reactions . | . . . Alert | -11 -10 -9 ------- Run | Yrd Mat Mat Maximum Alert Level 1 | . . 1 Low Security (%) 99 | 100 100 99 Level 1 . | . . . Level 2 . | . . . Level 3 . | . . . Level 4 . | . . . Level 5 . | . . . High Security . | . . . Max Security . | . . . Peak Influence 214 | . 67 214 Initial 32 | . . 32 Average 40 | . 15 53 Influence Increases 658 | . 127 531 Destroy 0b10 Robot/C 400 | . 80 320 Destroy 0b10 Robot/NC 40 | . 10 30 Destroy Leader 106 | . 22 84 Disable Machine 30 | . 15 15 Destroy Structure 37 | . . 37 Lose Combat Pursuer 45 | . . 45 Influence Decreases 536 | . 50 486 Entered New Map 45 | . . 45 Time Decay 331 | . 50 281 Lost Part 160 | . . 160 Squads Dispatched 4 | . 3 1 Investigation 2 | . 1 1 Extermination . | . . . Reinforcement 2 | . 2 . Assault . | . . . Garrison . | . . . Intercept . | . . . Searches Triggered . | . . . Construction Impeded . | . . . Haulers Reinforced . | . . . Active Scanning Responses . | . . . Cargo Convoy Interrupts . | . . . Stealth | -11 -10 -9 --------- Run | Yrd Mat Mat Distress Signals 2 | . 1 1 Communications Jammed . | . . . Distress Signals . | . . . Times Spotted 38 | . 6 32 Peak Tracking Total 13 | . 3 13 Tactical Retreats 1 | . . 1 Traps | -11 -10 -9 ------- Run | Yrd Mat Mat Traps Triggered 2 | . 1 1 Indirectly . | . . . Trap Hack Attempts . | . . . Triggered . | . . . Disarmed . | . . . Reprogrammed . | . . . Reused . | . . . Traps Extracted . | . . . Installed . | . . . Triggered . | . . . Machines | -11 -10 -9 ---------- Run | Yrd Mat Mat Machines Disabled 2 | . 1 1 Max in Single Turn 1 | . 1 1 Machines Repaired . | . . . Machines Dismantled . | . . . Machines Sabotaged . | . . . Overloaded Fab Kills . | . . . Hacking | -11 -10 -9 --------- Run | Yrd Mat Mat Machines Accessed 1 | . 1 . Terminals 1 | . 1 . Fabricators . | . . . Repair Stations . | . . . Recycling Units . | . . . Scanalyzers . | . . . Garrison Access . | . . . Total Hacks 6 | . 6 . Successful 4 | . 4 . Failed 2 | . 2 . Catastrophic 1 | . 1 . Database Lockouts . | . . . Manual . | . . . Terminals 6 | . 6 . Fabricators . | . . . Repair Stations . | . . . Recycling Units . | . . . Scanalyzers . | . . . Garrison Access . | . . . Terminal Hacks 4 | . 4 . Record 3 | . 3 . Dispatch Records 1 | . 1 . Fabricator Hacks . | . . . Repair Station Hacks . | . . . Recycling Unit Hacks . | . . . Scanalyzer . | . . . Garrison Access Hacks . | . . . Unauthorized Hacks . | . . . Terminals . | . . . Fabricators . | . . . Repair Stations . | . . . Recycling Units . | . . . Scanalyzers . | . . . Garrison Access . | . . . Data Cores Recovered . | . . . Used . | . . . Hacking Detections 1 | . 1 . Full Trace Events . | . . . Feedback Events . | . . . Feedback Blocked . | . . . Robot Schematics Acquired . | . . . Robots Built . | . . . Authchips . | . . . Time . | . . . Total Robot Build Rating . | . . . Part Schematics Acquired . | . . . Parts Built . | . . . Authchips . | . . . Time . | . . . Total Part Build Rating . | . . . Part Studies Acquired . | . . . Parts Repaired . | . . . Time . | . . . Parts Recycled . | . . . Recycled Matter . | . . . Retrieved Matter . | . . . Retrieved Components . | . . . Parts Scanalyzed . | . . . Part Schematics Acquired . | . . . Parts Damaged . | . . . Bothacking | -11 -10 -9 ------------ Run | Yrd Mat Mat Used RIF Installer . | . . . Robots Hacked . | . . . Non-combat . | . . . Combat . | . . . Robot Hacks Applied . | . . . Relay Couplers Released . | . . . Fabnet Peak Effective % . | . . . Robots Rewired . | . . . Allies Hacked . | . . . Hacks Repelled . | . . . Allies | -11 -10 -9 -------- Run | Yrd Mat Mat Total Allies . | . . . Largest Group . | . . . Highest-Rated Group . | . . . Highest-Rated Ally . | . . . Total Orders . | . . . Ally Attacks . | . . . Total Damage . | . . . Kills . | . . . Allies Corrupted . | . . . Allies Melted . | . . . Intel | -11 -10 -9 ------- Run | Yrd Mat Mat Active Infowar (turns) 204 | . 194 10 Structural 204 | . 194 10 Robot Analysis Total . | . . . Derelict Logs Recovered . | . . . Drone Launches . | . . . Drone Recoveries . | . . . Exploration | -11 -10 -9 ------------- Run | Yrd Mat Mat Turns Passed 1192 | 78 309 805 Spaces Moved 565 | 46 168 351 Core 28 | 4 . 24 Treads 537 | 42 168 327 Legs . | . . . Wheels . | . . . Hover . | . . . Flight . | . . . Fastest Speed 50 | 50 160 50 Average Speed 167 | 150 160 173 Slowest Speed 250 | 160 160 250 Overloaded Moves . | . . . Propulsion Burnouts . | . . . Robots Hopped . | . . . Potential Cave-ins . | . . . Cave-ins Triggered . | . . . Exploration Rate (%) 26 | 5 41 33 Regions Visited 2 Branch Regions . Pre-discovered Areas . | . . . Known Exits Taken 1 | . 1 . Unknown Exits Taken 1 | 1 . . Scrap Searched . | . . . Spaces Dug . | . . . Terrain Destroyed 38 | . . 38 Melee . | . . . Projectile 21 | . . 21 AOE 17 | . . 17 Terrain Rammed . | . . . Walls Destroyed . | . . . Machines Disabled . | . . . Actions | -11 -10 -9 --------- Run | Yrd Mat Mat Total 687 | 52 188 447 Wait 5 | . 4 1 Move 564 | 45 168 351 Hop . | . . . Pick Up 13 | 2 3 8 Fast Attach 14 | 5 2 7 Attach 6 | . . 6 Detach . | . . . Swap 5 | . 1 4 Drop 5 | . . 5 Fire 70 | . 9 61 Melee . | . . . Ram . | . . . Kick . | . . . Crush 5 | . 1 4 Escape Stasis . | . . . Rewire . | . . . Trap . | . . . Miscellaneous . | . . . Route ------- -11/Scrapyard -10/Materials -9/Materials History --------- Turn | Location | Event 38 | -11/Scrapyard | Discovered new exit (range 15) 79 | -11/Scrapyard | Entered Materials 309 | -10/Materials | Build established: Mutant 363 | -10/Materials | Discovered new exit (range 12) 387 | -10/Materials | Identified exit to Materials 388 | -10/Materials | Entered another Materials area 388 | -9/Materials | Evolved 2 slots: Power x1, Utility x1 621 | -9/Materials | Lost 7 parts (2p2n1u2w) 1080 | -9/Materials | Core integrity fell below 50% 1186 | -9/Materials | Core integrity fell below 20% 1193 | -9/Materials | Destroyed by G-34 Mercenary with Small Laser Last Messages --------------- R-06 Scavenger collects Wheel. K-01 Serf collects debris. Lgt. Treads destroyed. K-01 Serf collects debris. R-06 Scavenger destroyed. Slammed into S-10 Pest. Acquired 16 matter. Imp. Ion Engine destroyed. K-01 Serf collects debris. M-13 Machinist fits Backup Propulsion I on S-10 Pest. Slammed into B-36 Bruiser. Med. Laser destroyed. Assault Rifle destroyed. Imp. Treads destroyed. Imp. Terrain Scan Processor destroyed. System corrupted by crushing effect (+1). R-06 Scavenger collects Lgt. Ion Engine. R-06 Scavenger collects Sml. Storage Unit. R-06 Scavenger collects Com. Wheel. Map ----- +----------------------------------------------------+ | ?????????????????????????????????????????????????? | | ?????????????????????????????????????????????????? | | ?????????????????????????????????????????????????? | | ?????????????????????????????????????????????????? | | ?????????????????????????????????????????????????? | | ?????????????????????????????????????????????????? | | ?????????????????????????????????????????????????? | | ?????????????????????????????????????????????????? | | ?????????????????????????????????????????????????? | | ?????????????????????????????????????????????????? | | ??????????????????????? ?????????????????????? | | ?????????????????????? ???????????????????? | | ??????????????????????" ==?????????????????? | | ?????????????????????"" ==?????????????????? | | ?????????????????????"" =??????????????????? | | #????????????????#??? ??????????????????? | | #????????????????# ?? ???????????????????? | | #????????????????# """ ???????????????????? | | #????????????????# """ ????????????????????? | | #????????????????# """ ????????????????????? | | #????????????????? #????????????????????? | | #????????????????? #????????????????????? | | #????????????????# """ #????????????????????? | | ?????????????????# """ #????????????????????? | | ?????????????????# """ #????????????????????? | | ?????????????????# @ #????????????????????? | | #????????????????# #????????????????????? | | #????????????????# ###########??????????? | | #????????????????# # #??????????? | | #????????????????#" s # #??????????? | | #????????????????#T gs# #??????????? | | #????????????????#" as# #??????????? | | #????????????????# g%g/ """ "" #??????????? | | #????????????????# k g # """ """#??????????? | | ?????????????????########% # """ S"#??????????? | | ????????????????????????# % # #??????????? | | ????????????????????????# w##/########??????????? | | ??##########????????????# ## #?????????????????? | | ??# #????????????# r##/#####?????????????? | | ??# #????????????#*% # T #?????????????? | | ??# #??????####??#!= # #?????????????? | | ??# #??????? ] ?# # """ #?????????????? | | ??# #????????? # # """ #?????????????? | | ??# #?????# "" # # """ #?????????????? | | ### #?????# Y" + =/ + ??????????? | | + #?????# "" # ###########??????????? | | # ####?????????# #????????????????????? | | #####+################# ##???????????????????? | | % =%%%%% #???????????????????? | | ############### #????????????? | +----------------------------------------------------+ Best States ------------- Heat Dissipation 28 Coolant Potential 50 Energy Generation 21 Energy Capacity 415 Matter Stores 300 Matter Capacity 300 Sight Range 16 Terrain Scan Density 110 Armor Coverage 150 Evasion (%) 40 Recoil Reduction 2 Item Schematics ----------------- None Robot Schematics ------------------ None Fabricated ------------ Nothing Repaired ---------- Nothing Studied --------- None Alien Tech Used ----------------- None Achievements -------------- None Challenges ------------ None Game ------ Seed AutogunReinforcedSaw Manual? 0 Play Time 00:16:16 Cumulative 32.5 hours Start 2026.08.19 @ 05:24:58 End 2026.08.19 @ 05:38:53 Sessions 1 Manual Loads 0 Difficulty Rogue Special Mode None Game No. 63 Rogue 63 Adventurer 0 Explorer 0 Win Type - Total 0 Types 0/0/0/0/0/0/0/0/0/0 Lore% 13 Gallery% 23 Achievement% 15 Wizard Run 0 Options --------- Layout 1 ASCII 0 Keyboard 0 Movement Numpad Keybinds 0 Fullscreen 1 Font 32/SmallcapsGlow Map View 50x35 Zoom Use 0% Tactical HUD 0 Map Filters NONE Filters NONE Steam 1 RUN: 321de936-79ad-4273-84a4-bac58d2bcb65